Cogmind - Beta 14 @@@ ROGUE MODE // 2024.11.23 @ 15:46:36 Player: Darsidian Result: Destroyed by G-50 Soldier with Heavy Laser Performance ------------- Evolutions (3) 1500 Regions Visited (11) 2200 Robots Destroyed (147) 735 Value Destroyed (5457) 5457 Prototype IDs (24) 480 Alien Tech Used (0) 0 Bonus (1907) 1907 TOTAL SCORE: 12279 Bonus ------- High Alert Combat Kills 476 Follower Combat Kills 431 Entered Garrisons 200 Used RIF Installer 500 Met Data Miner 300 Cogmind --------- Core Integrity 0/700 Matter 290/300 Energy 55/290 System Corruption 7% Temperature Cool (51) Movement Walking (480) Ox5 Location -6/Proximity Caves Parts ------- > --- POWER (1) -------- Improved Deuterium Engine (fused) > --- PROPULSION (3) --- Carbon-fiber Leg Improved Titanium Leg > --- UTILITY (6) ------ Advanced Heat Sink Huge Storage Unit Faulty Precision Matter Filter Layered Medium Armor Plating Experimental Thermal Shield > --- WEAPON (3) ------- Heavy Laser Heavy Laser > --- INVENTORY (25) --- Advanced Energy Well Structural Scanner Long-range Terrain Scanner Transport Network Coupler Core Analyzer Advanced ECM Suite Medium Reflective Plating Advanced Force Field Makeshift System Shield Authchip [R/Combat] Relay Coupler [NC] (41) Relay Coupler [NC] (44) Relay Coupler [NC] (42) Relay Coupler [Sentry] (28) Advanced System Restoration Module Heavy Laser Remote Datajack Plasma Cutter Maul Peak State ------------ > --- POWER ------------ Improved Deuterium Engine > --- PROPULSION ------- Carbon-fiber Leg Improved Titanium Leg Wheel > --- UTILITY ---------- Advanced Heat Sink Advanced Heat Sink Huge Storage Unit Long-range Terrain Scanner Improved Heavy Armor Plating > --- WEAPON ----------- Heavy Laser Heavy Laser Plasma Cannon > --- INVENTORY -------- Aluminum Leg Wheel Medium Battery Advanced Energy Well Compact Matter Pod Structural Scanner Transport Network Coupler Core Analyzer Advanced ECM Suite Improved Light Armor Plating Experimental Thermal Shield Improved Shield Generator Advanced Force Field Makeshift System Shield Authchip [R/Combat] Relay Coupler [NC] Relay Coupler [NC] Relay Coupler [NC] Relay Coupler [Sentry] Heavy Laser Heavy Laser Remote Datajack Plasma Cutter Maul Fire Trap [Rating: 60] Favorites ----------- Power Improved Deuterium Engine Engine Improved Deuterium Engine Power Core Light Nuclear Core Propulsion Wheel Leg Improved Titanium Leg Wheel Wheel Flight Unit VTOL Module Utility Huge Storage Unit Device Advanced Heat Sink Storage Huge Storage Unit Processor Advanced Targeting Computer Hackware Hacking Suite Protection Improved Heavy Armor Plating Weapon Plasma Rifle Energy Gun Plasma Rifle Energy Cannon Plasma Cannon Ballistic Gun Heavy Assault Rifle Ballistic Cannon Light Cannon Launcher Rocket Launcher Special Weapon Plasma Cutter Impact Weapon Maul Slashing Weapon Mining Claw Build | -11 -10 -9 -9 -8 -7 -7 -7 -7 -7 -7 -6 ------- Run | Yrd Mat Mat Min Mat Fac Gar Fac Low Low Dat Pro Slots Evolved 6 | . . 2 . 2 2 . . . . . . Power . | . . . . . . . . . . . . Propulsion 1 | . . . . 1 . . . . . . . Utility 4 | . . 2 . . 2 . . . . . . Weapon 1 | . . . . 1 . . . . . . . Parts Attached 234 | 9 20 30 22 22 32 43 24 15 5 . 12 Power 25 | 1 1 3 5 2 3 7 2 1 . . . Engine 23 | 1 1 3 5 2 3 5 2 1 . . . Core 2 | . . . . . . 2 . . . . . Reactor . | . . . . . . . . . . . . Propulsion 52 | 2 1 6 7 2 8 13 6 3 3 . 1 Treads . | . . . . . . . . . . . . Leg 8 | . . . 1 . . 3 . 1 2 . 1 Wheel 43 | 2 1 6 6 2 8 10 6 1 1 . . Hover . | . . . . . . . . . . . . Flight 1 | . . . . . . . . 1 . . . Utility 67 | 3 6 12 6 4 7 9 6 4 1 . 9 Device 36 | 2 1 7 4 1 3 7 2 2 . . 7 Storage 4 | 1 2 . . . . . 1 . . . . Processor 13 | . 2 2 1 3 2 1 . 1 . . 1 Hackware 4 | . . . . . . 1 3 . . . . Protection 10 | . 1 3 1 . 2 . . 1 1 . 1 Artifact . | . . . . . . . . . . . . Weapon 90 | 3 12 9 4 14 14 14 10 7 1 . 2 Energy Gun 41 | 1 . 4 2 7 7 10 5 3 . . 2 Energy Cannon 4 | . 2 1 . . . . . . 1 . . Ballistic Gun 15 | 2 5 2 1 3 . 2 . . . . . Ballistic Cannon 5 | . 2 1 . 1 . . . 1 . . . Launcher 3 | . . . . . . 1 . 2 . . . Special Weapon 8 | . 3 . 1 . . . 3 1 . . . Impact Weapon 13 | . . . . 3 7 1 2 . . . . Slashing Weapon 1 | . . 1 . . . . . . . . . Piercing Weapon . | . . . . . . . . . . . . Special Melee Weapon . | . . . . . . . . . . . . Unidentified Prototypes 10 | . . 3 . 2 1 1 1 . . . 2 Parts Lost 49 | . . 3 10 1 1 15 10 1 1 . 7 Power 5 | . . 1 2 . . 1 1 . . . . Propulsion 20 | . . 2 2 1 1 7 4 . 1 . 2 Utility 13 | . . . 4 . . 3 2 . . . 4 Weapon 11 | . . . 2 . . 4 3 1 . . 1 Highest Loss Streak 10 | . . 1 8 1 1 6 10 1 1 . 5 To Critical Strikes 1 | . . . . . . . . . . . 1 Average Slot Usage (%) 96 | . 99 98 98 99 99 96 94 92 93 92 93 Engine 8 | . 14 10 10 9 7 5 6 6 7 7 7 Leg 4 | . . . 1 . . . . 1 12 15 15 Wheel 17 | . 28 21 19 26 23 19 19 14 9 7 6 Device 13 | . 4 11 19 18 17 9 11 8 15 15 19 Storage 8 | . 13 11 11 9 7 7 6 7 7 7 7 Processor 10 | . . 14 13 9 12 17 14 8 8 7 6 Hackware 2 | . . . . . . 6 9 13 1 . . Protection 4 | . 8 6 . . 6 1 . 5 5 7 5 Energy Gun 15 | . . 13 11 21 21 21 21 10 15 15 19 Energy Cannon 2 | . 12 4 . . . . . . 6 7 2 Ballistic Gun 2 | . 8 2 10 3 . . . . . . . Ballistic Cannon 1 | . 6 1 . . . . . 5 . . . Peak Build Rating 60 | 9 10 21 20 32 42 47 47 47 54 54 60 Average Rating 35 | 5 8 15 17 28 39 41 42 40 52 54 54 On Entrance 28 | . 9 8 20 18 31 42 42 17 46 54 54 Naked Turns . | . . . . . . . . . . . . Heaviest Build 124 | 14 94 103 103 98 110 110 104 107 122 122 124 Greatest Support 45 | 26 26 26 26 30 36 44 42 20 20 10 45 Greatest Overweight (x) 12 | . 4 5 9 4 3 8 7 8 12 12 12 Average Overweight (x) 4 | . 2 3 4 3 2 2 2 5 9 12 10 Largest Inventory Capacity 25 | 8 25 25 25 25 25 25 25 25 25 25 25 Average Capacity 24 | 7 20 25 25 25 25 25 24 25 25 25 25 Most Carried 25 | 6 17 19 25 25 25 25 25 22 25 24 25 Average Carried 20 | 2 11 15 19 24 23 20 22 17 23 24 23 Final Capacity 25 | 8 25 25 25 25 25 25 25 25 25 25 25 Final Carried 25 | 6 16 17 25 23 24 25 22 22 24 24 19 Class Distribution -------------------- 28% | Bothacker-Gunner 17% | Mutant 15% | Scavenger-Gunner 14% | Scavenger-Mutant 10% | Scavenger-Skirmisher 4% | Bothacker-Mutant 3% | Bothacker-Tank 3% | Gunner Dominant Class ---------------- Mutant | -10/Materials Mutant | -9/Materials Scavenger-Mutant | -9/Mines Scavenger-Gunner | -8/Materials Scavenger-Skirmisher | -7/Factory Scavenger-Gunner | -7/Garrison Scavenger-Skirmisher | -7/Factory Bothacker-Mutant | -7/Lower Caves Bothacker-Gunner | -7/Lower Caves Bothacker-Gunner | -7/Data Miner Bothacker-Gunner | -6/Proximity Caves Resources | -11 -10 -9 -9 -8 -7 -7 -7 -7 -7 -7 -6 ----------- Run | Yrd Mat Mat Min Mat Fac Gar Fac Low Low Dat Pro Matter Collected 3236 | 305 318 584 263 235 325 509 187 338 51 . 121 Remotely 38 | 38 . . . . . . . . . . . Salvage Created 6623 | 122 304 915 316 634 844 1908 193 267 259 . 861 Parts 289 | 8 33 58 28 21 27 61 13 11 5 . 24 Haulers Intercepted 6 | . 2 2 . . . . 1 . . . 1 Recyclers Shooed 2 | . 1 . . . 1 . . . . . . Parts Field Recycled . | . . . . . . . . . . . . Retrieved Matter . | . . . . . . . . . . . . Parts Self-Destructed 38 | . . . . . . . . 8 5 . 25 Prevented . | . . . . . . . . . . . . Kills | -11 -10 -9 -9 -8 -7 -7 -7 -7 -7 -7 -6 ------- Run | Yrd Mat Mat Min Mat Fac Gar Fac Low Low Dat Pro Combat Hostiles Destroyed 99 | . 9 15 9 7 10 25 1 6 3 . 14 Guns 80 | . 7 9 9 6 10 24 1 2 3 . 9 Cannons 10 | . 2 6 . . . . . . . . 2 AOE 5 | . . . . . . 1 . 4 . . . Classes Destroyed 16 | 2 5 4 1 . 1 2 . 1 . . . Worker 13 | . . 1 4 . 1 . 7 . . . . Builder 5 | . 3 . 2 . . . . . . . . Tunneler 5 | 3 . . 2 . . . . . . . . Hauler 6 | . 2 2 . . . . 1 . . . 1 Recycler 9 | 1 . 1 . 2 5 . . . . . . Operator 3 | . 1 1 . 1 . . . . . . . Watcher 12 | . 3 4 . 3 1 1 . . . . . Swarmer 27 | . 9 . 2 . 5 1 . 3 . . 7 Grunt 45 | . . 11 2 3 3 15 . 3 2 . 6 Brawler 4 | . . . . . . 3 . . . . 1 Duelist 2 | . . 1 . . . . . . 1 . . Sentry 10 | . . 3 . 4 1 2 . . . . . Specialist 1 | . . . . . . 1 . . . . . Programmer 5 | . . . . . 1 3 1 . . . . Decomposer 1 | . . . . . . . . . 1 . . Samaritan 4 | . . . . . . . . 2 2 . . Assembled 5 | . . . 5 . . . . . . . . Best Kill Streak 10 | 4 10 6 5 6 9 3 4 3 2 . 5 Combat Bots Only 6 | . 6 4 5 4 4 3 1 3 2 . 5 Max Kills in Single Turn 3 | 1 1 1 1 2 3 1 2 2 1 . 2 Gunslinging 2 | . . . . . 2 . . . . . 1 Exploded 2 | . . . . . . 1 . 2 . . . Melee . | . . . . . . . . . . . . Uniques/NPCs Destroyed . | . . . . . . . . . . . . Combat | -11 -10 -9 -9 -8 -7 -7 -7 -7 -7 -7 -6 -------- Run | Yrd Mat Mat Min Mat Fac Gar Fac Low Low Dat Pro Hostile Shots Fired 642 | . 37 66 103 18 40 159 60 21 31 . 107 Missed 163 | . 14 14 24 4 12 42 16 4 8 . 25 Damage Taken 7089 | . 189 657 1197 201 416 1772 600 330 365 . 1362 Core 1153 | . 66 58 197 122 50 334 108 54 . . 164 Absorbed by Shields 103 | . . . . . . . . . . . 103 Ignored by Resistances 24 | . . . . . . . . . . . 24 Regen/Repaired (Parts) 499 | . . 80 . . . . 419 . . . . Core Remaining (%) 71 | 100 73 . 36 77 . . . . . . . Volleys Fired 413 | 7 48 59 43 35 29 105 19 18 17 . 33 Largest 3 | 2 2 2 2 3 3 3 3 3 3 . 3 Hottest 225 | 60 120 120 112 165 190 225 225 213 224 . 224 Shots Fired 1028 | 14 93 115 75 102 86 306 49 40 51 . 97 Gun 885 | 14 47 69 75 102 86 303 45 28 34 . 82 Cannon 129 | . 43 46 . . . . . 8 17 . 15 Launcher 6 | . . . . . . 3 . 3 . . . Special 8 | . 3 . . . . . 4 1 . . . Kinetic 162 | 10 62 33 26 10 . 13 . 8 . . . Thermal 851 | 4 31 82 49 92 86 285 45 29 51 . 97 Explosive 6 | . . . . . . 3 . 3 . . . Electromagnetic 5 | . . . . . . 5 . . . . . Robot Hit Streak 31 | 6 8 13 8 11 10 31 7 18 9 . 9 Robot Miss Streak 7 | 2 4 7 4 3 2 3 3 3 2 . 6 Penetration Max . | . . . . . . . . . . . . Secondary Targets 13 | . 1 . 2 1 2 3 . . . . 4 Max Gunslinging Chain 2 | . 1 . 1 1 2 1 . . . . 2 Shots Hit Robots 602 | 8 44 69 44 57 54 181 25 27 34 . 59 Core Hits 280 | 5 20 33 25 23 32 79 12 15 12 . 24 Critical Kills 1 | . . . . . . . . . . . 1 Critical Parts Destroyed . | . . . . . . . . . . . . Critical Strikes 28 | . . 2 3 5 3 8 1 3 . . 3 Burn 26 | . . 2 3 5 3 8 1 2 . . 2 Meltdown 1 | . . . . . . . . . . . 1 Blast 1 | . . . . . . . . 1 . . . Melee Attacks 29 | . . 3 . 5 14 2 5 . . . . Impact 26 | . . . . 5 14 2 5 . . . . Slashing 3 | . . 3 . . . . . . . . . Piercing . | . . . . . . . . . . . . Sneak Attacks . | . . . . . . . . . . . . Combat Hostiles . | . . . . . . . . . . . . Follow-up Attacks . | . . . . . . . . . . . . Damage Inflicted 12228 | 90 732 1167 752 1121 1089 3879 535 840 769 . 1254 Guns 10216 | 90 251 680 752 1121 1089 3751 535 440 539 . 968 Cannons 1619 | . 479 487 . . . . . 137 230 . 286 Explosions 391 | . . . . . . 128 . 263 . . . Melee . | . . . . . . . . . . . . Ramming 2 | . 2 . . . . . . . . . . Kinetic 1361 | 67 413 265 230 46 . 203 . 137 . . . Thermal 10418 | 23 317 902 522 1075 1089 3492 535 440 769 . 1254 Explosive 391 | . . . . . . 128 . 263 . . . Electromagnetic 56 | . . . . . . 56 . . . . . Impact . | . . . . . . . . . . . . Slashing . | . . . . . . . . . . . . Piercing . | . . . . . . . . . . . . Highest Corruption 7 | . . . . . 1 5 1 1 1 1 7 Average Corruption 1 | . . . . . 1 2 1 1 1 1 1 Corruption Purged 5 | . . . . . . 5 . . . . . Corruption Blocked . | . . . . . . . . . . . . Effects 62 | . . . . . 9 20 . 6 10 2 15 Message Errors 15 | . . . . . 4 2 . 3 1 . 5 Matter Fused 11 | . . . . . . 4 . 2 2 1 2 Heat Flow Errors 8 | . . . . . 1 2 . . 2 1 2 Energy Discharges 10 | . . . . . 1 4 . 1 4 . . Parts Rejected 1 | . . . . . . . . . . . 1 Parts Fused 1 | . . . . . . . . . . . 1 Data Loss (minor) 11 | . . . . . 2 7 . . 1 . 1 Data Loss (major) 4 | . . . . . . 1 . . . . 3 Weapon Failures 1 | . . . . . 1 . . . . . . Overload Shots . | . . . . . . . . . . . . Overflow Damage 2 | . . . . . . 2 . . . . . Projectiles . | . . . . . . . . . . . . Explosions 2 | . . . . . . 2 . . . . . Melee . | . . . . . . . . . . . . Knockbacks 2 | . 1 . . . . . . 1 . . . Impact . | . . . . . . . . . . . . Kinetic 2 | . 1 . . . . . . 1 . . . Secondary . | . . . . . . . . . . . . Self-Inflicted Damage 116 | . 1 . . . . 93 . 22 . . . Shots 4 | . . . . . . 3 . 1 . . . Rammed 1 | . 1 . . . . . . . . . . Targets Rammed 1 | . 1 . . . . . . . . . . Kicked . | . . . . . . . . . . . . Crushed . | . . . . . . . . . . . . Highest Temperature 549 | . 397 528 156 219 219 439 549 175 199 74 468 Average Temperature 118 | . 128 152 44 73 75 121 157 52 116 53 155 Received Heat Transfer 2201 | . . 324 386 72 57 564 102 108 225 . 363 Effects 24 | . 1 11 . . . 3 6 . . . 3 Shutdowns 7 | . 1 2 . . . . 2 . . . 2 Energy Bleed 4 | . . 1 . . . 2 1 . . . . Interference 5 | . . 5 . . . . . . . . . Matter Decay 1 | . . . . . . . 1 . . . . Short Circuit 2 | . . . . . . . 1 . . . 1 Damage (minor) 3 | . . 1 . . . 1 1 . . . . Damage (major) 2 | . . 2 . . . . . . . . . Siege Activations . | . . . . . . . . . . . . Robots Corrupted . | . . . . . . . . . . . . Combat Hostiles . | . . . . . . . . . . . . Parts Fried 1 | . . . . . . 1 . . . . . Impact Corruptions . | . . . . . . . . . . . . Robots Melted 5 | . . . . 1 . 1 . . . . 3 Combat Hostiles 4 | . . . . 1 . . . . . . 3 Parts Melted 66 | . . 3 . 5 8 30 1 7 5 . 7 Heat Transferred 22999 | 50 666 2109 1369 2442 2413 7355 1177 1146 1607 . 2665 Parts Sabotaged . | . . . . . . . . . . . . Parts Stolen . | . . . . . . . . . . . . Parts Stripped . | . . . . . . . . . . . . Power Chain Reactions . | . . . . . . . . . . . . Alert | -11 -10 -9 -9 -8 -7 -7 -7 -7 -7 -7 -6 ------- Run | Yrd Mat Mat Min Mat Fac Gar Fac Low Low Dat Pro Peak Influence 1430 | 20 248 222 70 287 179 1430 822 . . . . Initial 750 | . 13 . 49 . 91 125 750 . . . . Average 310 | 9 109 56 17 116 82 831 738 . . . . Maximum Alert Level 4 | . 1 1 . 1 . 4 3 . . . . Low Security (%) 61 | 100 78 94 100 75 100 2 . . . . . Level 1 8 | . 21 5 . 24 . 11 . . . . . Level 2 8 | . . . . . . 30 14 . . . . Level 3 13 | . . . . . . 23 85 . . . . Level 4 7 | . . . . . . 32 . . . . . Level 5 . | . . . . . . . . . . . . High Security . | . . . . . . . . . . . . Max Security . | . . . . . . . . . . . . Squads Dispatched 9 | . . 3 . 2 3 . . . . . 1 Investigation 2 | . . 1 . . 1 . . . . . . Extermination 2 | . . . . . 2 . . . . . . Reinforcement 4 | . . 2 . 2 . . . . . . . Assault 1 | . . . . . . . . . . . 1 Garrison . | . . . . . . . . . . . . Intercept . | . . . . . . . . . . . . Searches Triggered . | . . . . . . . . . . . . Construction Impeded . | . . . . . . . . . . . . Haulers Reinforced . | . . . . . . . . . . . . Active Scanning Responses . | . . . . . . . . . . . . Cargo Convoy Interrupts 1 | . . . . . . . 1 . . . . Stealth | -11 -10 -9 -9 -8 -7 -7 -7 -7 -7 -7 -6 --------- Run | Yrd Mat Mat Min Mat Fac Gar Fac Low Low Dat Pro Distress Signals 3 | . . 1 . 1 . . 1 . . . . Communications Jammed . | . . . . . . . . . . . . Distress Signals . | . . . . . . . . . . . . Times Spotted 178 | . 20 19 14 19 11 36 20 8 4 . 27 Peak Tracking Total 13 | . 6 4 8 7 4 4 13 4 4 . 11 Tactical Retreats 4 | . 1 . . . . 3 . . . . . Traps | -11 -10 -9 -9 -8 -7 -7 -7 -7 -7 -7 -6 ------- Run | Yrd Mat Mat Min Mat Fac Gar Fac Low Low Dat Pro Traps Triggered 3 | . . . . . 1 2 . . . . . Indirectly . | . . . . . . . . . . . . Trap Hack Attempts . | . . . . . . . . . . . . Triggered . | . . . . . . . . . . . . Disarmed . | . . . . . . . . . . . . Reprogrammed . | . . . . . . . . . . . . Reused . | . . . . . . . . . . . . Traps Extracted . | . . . . . . . . . . . . Installed . | . . . . . . . . . . . . Triggered 2 | . . . . . . . . 2 . . . Most Traps Carried 2 | . . . . . . . . 2 2 1 1 Machines | -11 -10 -9 -9 -8 -7 -7 -7 -7 -7 -7 -6 ---------- Run | Yrd Mat Mat Min Mat Fac Gar Fac Low Low Dat Pro Machines Disabled 20 | . 2 3 1 3 1 7 3 . . . . Max in Single Turn 2 | . 1 1 1 1 1 2 . . . . . Garrison Relay 5 | . . . . . . 5 . . . . . Phase Generator 1 | . . . . . . 1 . . . . . Machines Repaired . | . . . . . . . . . . . . Machines Dismantled . | . . . . . . . . . . . . Machines Sabotaged . | . . . . . . . . . . . . Overloaded Fab Kills . | . . . . . . . . . . . . Hacking | -11 -10 -9 -9 -8 -7 -7 -7 -7 -7 -7 -6 --------- Run | Yrd Mat Mat Min Mat Fac Gar Fac Low Low Dat Pro Machines Accessed 39 | . 9 6 . 6 5 2 5 1 1 4 . Terminals 24 | . 7 4 . 5 3 2 3 . . . . Fabricators . | . . . . . . . . . . . . Repair Stations 2 | . . 1 . . . . 1 . . . . Recycling Units 4 | . 2 1 . . 1 . . . . . . Scanalyzers 1 | . . . . 1 . . . . . . . Garrison Access 2 | . . . . . 1 . 1 . . . . Total Hacks 110 | . 25 16 . 15 9 3 12 1 1 28 . Successful 74 | . 15 11 . 6 3 2 7 1 1 28 . Failed 36 | . 10 5 . 9 6 1 5 . . . . Catastrophic 7 | . 1 1 . 2 3 . . . . . . Database Lockouts . | . . . . . . . . . . . . Manual 51 | . 15 12 . 11 4 1 8 . . . . Terminals 64 | . 22 12 . 13 6 3 8 . . . . Fabricators . | . . . . . . . . . . . . Repair Stations 5 | . . 3 . . . . 2 . . . . Recycling Units 5 | . 3 1 . . 1 . . . . . . Scanalyzers 2 | . . . . 2 . . . . . . . Garrison Access 4 | . . . . . 2 . 2 . . . . Terminal Hacks 44 | . 7 2 . 1 2 2 . 1 1 28 . Record 11 | . . . . . . . . . . 11 . Part Schematic 8 | . . . . . . . . . . 8 . Robot Schematic 6 | . . . . . . . . . . 6 . Prototype ID Bank 5 | . 1 . . . 1 . . . . 3 . Open Door 3 | . . . . . . 1 . 1 1 . . Open DSF 1 | . . . . . 1 . . . . . . Emergency Access Points 1 | . . . . . . 1 . . . . . Terminal Index 1 | . 1 . . . . . . . . . . Alert Level 1 | . . 1 . . . . . . . . . Unreport Threat 1 | . . 1 . . . . . . . . . Locate Traps 1 | . 1 . . . . . . . . . . Hauler Manifests 2 | . 1 . . 1 . . . . . . . Registered Components 1 | . 1 . . . . . . . . . . Zone Layout 2 | . 2 . . . . . . . . . . Fabricator Hacks . | . . . . . . . . . . . . Repair Station Hacks 4 | . . 2 . . . . 2 . . . . Scan Component 2 | . . 1 . . . . 1 . . . . Repair 2 | . . 1 . . . . 1 . . . . Recycling Unit Hacks 3 | . 2 1 . . . . . . . . . Retrieve Components 3 | . 2 1 . . . . . . . . . Scanalyzer 2 | . . . . 2 . . . . . . . Insert Component 1 | . . . . 1 . . . . . . . Analyze 1 | . . . . 1 . . . . . . . Garrison Access Hacks 3 | . . . . . 1 . 2 . . . . Unlock Access 2 | . . . . . 1 . 1 . . . . Coupler Status 1 | . . . . . . . 1 . . . . Unauthorized Hacks 18 | . 6 6 . 3 . . 3 . . . . Terminals 18 | . 6 6 . 3 . . 3 . . . . Track 2 | . 1 1 . . . . . . . . . Assimilate 1 | . . 1 . . . . . . . . . Botnet 11 | . 4 3 . 2 . . 2 . . . . Operators 4 | . 1 1 . 1 . . 1 . . . . Fabricators . | . . . . . . . . . . . . Repair Stations . | . . . . . . . . . . . . Recycling Units . | . . . . . . . . . . . . Scanalyzers . | . . . . . . . . . . . . Garrison Access . | . . . . . . . . . . . . Data Cores Recovered 2 | . 1 . . 1 . . . . . . . Used 1 | . 1 . . . . . . . . . . Hacking Detections 26 | . 6 5 . 6 5 1 3 . . . . Full Trace Events 2 | . . 1 . . 1 . . . . . . Feedback Events . | . . . . . . . . . . . . Feedback Blocked . | . . . . . . . . . . . . Robot Schematics Acquired 6 | . . . . . . . . . . 6 . Robots Built . | . . . . . . . . . . . . Authchips . | . . . . . . . . . . . . Time . | . . . . . . . . . . . . Total Robot Build Rating . | . . . . . . . . . . . . Part Schematics Acquired 9 | . . . . 1 . . . . . 8 . Parts Built . | . . . . . . . . . . . . Authchips . | . . . . . . . . . . . . Time . | . . . . . . . . . . . . Total Part Build Rating . | . . . . . . . . . . . . Parts Repaired 2 | . . 1 . . . . 1 . . . . Time 39 | . . 13 . . . . 26 . . . . Parts Recycled . | . . . . . . . . . . . . Recycled Matter . | . . . . . . . . . . . . Retrieved Matter . | . . . . . . . . . . . . Retrieved Components 15 | . 12 3 . . . . . . . . . Parts Scanalyzed 1 | . . . . 1 . . . . . . . Part Schematics Acquired 1 | . . . . 1 . . . . . . . Parts Damaged . | . . . . . . . . . . . . Bothacking | -11 -10 -9 -9 -8 -7 -7 -7 -7 -7 -7 -6 ------------ Run | Yrd Mat Mat Min Mat Fac Gar Fac Low Low Dat Pro Used RIF Installer 1 | . . . . . . 1 . . . . . Robots Hacked 3 | . . . . . . . 3 . . . . Non-combat 1 | . . . . . . . 1 . . . . Combat 2 | . . . . . . . 2 . . . . Robot Hacks Applied 3 | . . . . . . . 3 . . . . no_distress 1 | . . . . . . . 1 . . . . overwrite_iff 1 | . . . . . . . 1 . . . . formatsys_high 1 | . . . . . . . 1 . . . . Relay Couplers Released 19 | . . . . . . 19 . . . . . Machine Destruction 19 | . . . . . . 19 . . . . . Attached 2 | . . . . . . . 2 . . . . Fabnet Peak Effective % . | . . . . . . . . . . . . Robots Rewired . | . . . . . . . . . . . . Allies Hacked . | . . . . . . . . . . . . Hacks Repelled . | . . . . . . . . . . . . Allies | -11 -10 -9 -9 -8 -7 -7 -7 -7 -7 -7 -6 -------- Run | Yrd Mat Mat Min Mat Fac Gar Fac Low Low Dat Pro Total Allies 13 | . . . 5 . 3 2 2 . . . 1 Largest Group 5 | . . . 5 5 3 3 3 . . . 1 Highest-Rated Group 207 | . . . 83 83 93 175 207 . . . 96 Highest-Rated Ally 96 | . . . 31 31 31 95 95 . . . 96 Total Orders . | . . . . . . . . . . . . Ally Attacks 127 | . . . . 40 . 54 28 . . . 5 Total Damage 2846 | . . . . 564 . 715 1385 . . . 182 Kills 17 | . . . . 5 . 6 5 . . . 1 Allies Corrupted . | . . . . . . . . . . . . Allies Melted . | . . . . . . . . . . . . Intel | -11 -10 -9 -9 -8 -7 -7 -7 -7 -7 -7 -6 ------- Run | Yrd Mat Mat Min Mat Fac Gar Fac Low Low Dat Pro Robot Analysis Total . | . . . . . . . . . . . . Derelict Logs Recovered 4 | . . . 1 . . . . 2 1 . . Drone Launches . | . . . . . . . . . . . . Drone Recoveries . | . . . . . . . . . . . . Exploration | -11 -10 -9 -9 -8 -7 -7 -7 -7 -7 -7 -6 ------------- Run | Yrd Mat Mat Min Mat Fac Gar Fac Low Low Dat Pro Turns Passed 12852 | 115 1303 931 1480 728 1026 1908 817 857 1505 263 1919 Spaces Moved 6696 | 73 862 475 866 428 598 1039 501 454 647 102 651 Core 4 | 4 . . . . . . . . . . . Treads . | . . . . . . . . . . . . Legs 31 | . . . . . . 15 . . . . 16 Wheels 6661 | 69 862 475 866 428 598 1024 501 454 647 102 635 Hover . | . . . . . . . . . . . . Flight . | . . . . . . . . . . . . Fastest Speed 50 | 50 80 135 135 125 116 111 110 140 155 260 230 Average Speed 155 | 87 124 139 145 125 127 133 128 155 221 260 246 Slowest Speed 540 | 90 140 155 215 140 131 540 185 200 260 260 263 Overloaded Moves . | . . . . . . . . . . . . Propulsion Burnouts . | . . . . . . . . . . . . Robots Hopped . | . . . . . . . . . . . . Cave-ins Triggered . | . . . . . . . . . . . . Exploration Rate (%) 54 | 3 92 41 96 45 19 96 13 59 66 70 57 Regions Visited 11 Branch Regions 5 Pre-discovered Areas 1 | . . . . . . . . . . 1 . Known Exits Taken 4 | . 1 . 1 . 1 . . 1 . . . Unknown Exits Taken 6 | 1 . 1 . 1 . . 1 . 1 1 . Scrap Searched 6 | . . . 3 . . . . 1 2 . . Spaces Dug 31 | . 3 1 . 5 12 . 3 7 . . . Terrain Destroyed 148 | . 3 1 . 5 12 98 3 26 . . . Melee 21 | . . 1 . 5 12 . 3 . . . . Projectile 8 | . 3 . . . . 1 . 4 . . . AOE 119 | . . . . . . 97 . 22 . . . Terrain Rammed . | . . . . . . . . . . . . Walls Destroyed . | . . . . . . . . . . . . Machines Disabled . | . . . . . . . . . . . . Actions | -11 -10 -9 -9 -8 -7 -7 -7 -7 -7 -7 -6 --------- Run | Yrd Mat Mat Min Mat Fac Gar Fac Low Low Dat Pro Total 8152 | 107 988 617 1004 535 763 1317 624 522 681 101 893 Wait 501 | 11 27 29 51 19 62 72 43 1 5 . 181 Move 6686 | 72 861 474 865 427 598 1038 500 453 646 101 651 Hop . | . . . . . . . . . . . . Pick Up 129 | 6 15 9 16 8 12 19 24 8 5 . 7 Fast Attach 62 | 9 7 6 2 9 4 13 5 4 . . 3 Attach 60 | . 1 6 9 3 3 18 4 9 2 . 5 Detach 18 | . 5 3 1 3 1 4 . 1 . . . Swap 112 | . 12 18 11 10 25 12 15 2 3 . 4 Drop 102 | 2 11 10 6 16 15 18 9 3 3 . 9 Fire 413 | 7 48 59 43 35 29 105 19 18 17 . 33 Melee 29 | . . 3 . 5 14 2 5 . . . . Ram 1 | . 1 . . . . . . . . . . Kick . | . . . . . . . . . . . . Crush . | . . . . . . . . . . . . Escape Stasis 16 | . . . . . . 16 . . . . . Rewire . | . . . . . . . . . . . . Trap . | . . . . . . . . . . . . Miscellaneous 23 | . . . . . . . . 23 . . . Route ------- -11/Scrapyard -10/Materials (discovered 4 exits: *Mat x3 / [*Min]) -9/Materials (discovered 3 exits: *Mat / [*Min] / *Sto) -9/Mines (discovered 2 exits: *Mat / [*Exi]) -8/Materials -7/Factory (discovered 2 exits: [*Fac] / Gar) -7/Garrison (discovered 3 exits: *Fac x3) -7/Factory (discovered 3 exits: *Low x2 / Gar) -7/Lower Caves -7/Lower Caves -7/Data Miner -6/Proximity Caves History --------- Turn | Location | Event 7 | -11/Scrapyard | Discovered new exit (range 16) 116 | -11/Scrapyard | Entered Materials 259 | -10/Materials | Discovered new exit (range 16) 313 | -10/Materials | Build established: Mutant 689 | -10/Materials | Discovered new exit (range 8) 795 | -10/Materials | Discovered new exit (range 4) 1277 | -10/Materials | Discovered new exit (range 11) 1418 | -10/Materials | Identified exit to Materials 1419 | -10/Materials | Entered another Materials area 1419 | -9/Materials | Evolved 2 slots: Utility x2 1725 | -9/Materials | Repaired Lgt. Armor Plating 1929 | -9/Materials | Discovered new exit (range 15) 1972 | -9/Materials | Identified exit to Materials 2099 | -9/Materials | Discovered new exit (range 2) 2101 | -9/Materials | Identified exit to Storage 2266 | -9/Materials | Discovered new exit (range 14) 2350 | -9/Materials | Entered Mines 2351 | -9/Mines | Assembled infested the area 2444 | -9/Mines | Lost 8 parts (1p2n3u2w) 2716 | -9/Mines | Core integrity fell below 50% 2754 | -9/Mines | Build established: Scavenger-Mutant 2829 | -9/Mines | Learned 4 Materials zone layouts 3083 | -9/Mines | Deemed a non-threat by the Exiles lab entrance 3083 | -9/Mines | Discovered new exit (range 5) 3525 | -9/Mines | Discovered exit to Materials (range 9) 3657 | -9/Mines | Assisted by bots powering up and referring to "LRC-V3" 3830 | -9/Mines | Entered Materials 3830 | -8/Materials | Accompanied by 5 allies 3830 | -8/Materials | Evolved 2 slots: Propulsion x1, Weapon x1 3835 | -8/Materials | Led the pair of lost Derelicts to an unsafe place 4183 | -8/Materials | Lost 3 allies 4523 | -8/Materials | Discovered new exit (range 16) 4558 | -8/Materials | Entered Factory 4558 | -7/Factory | Evolved 2 slots: Utility x2 4703 | -7/Factory | Identified exit to DSF 4977 | -7/Factory | Build established: Scavenger-Skirmisher 5558 | -7/Factory | Allied Derelicts emerged from ambush trap array 5566 | -7/Factory | Discovered new exit (range 16) 5580 | -7/Factory | Identified exit to Garrison 5584 | -7/Factory | Entered Garrison 5584 | -7/Garrison | Accompanied by 3 allies 5722 | -7/Garrison | Installed Relay Interface Framework 5755 | -7/Garrison | Garrison Relay disabled 5823 | -7/Garrison | Triggered checkpoint 5888 | -7/Garrison | Triggered checkpoint 5936 | -7/Garrison | Discovered new exit (range 11) 5964 | -7/Garrison | Triggered checkpoint 5991 | -7/Garrison | Garrison Relay disabled 6043 | -7/Garrison | Build established: Scavenger-Gunner 6354 | -7/Garrison | Triggered checkpoint 6408 | -7/Garrison | Triggered checkpoint 6495 | -7/Garrison | Garrison Relay disabled 6511 | -7/Garrison | Garrison Relay disabled 6582 | -7/Garrison | Lost 6 parts (2n1u3w) 6638 | -7/Garrison | Triggered checkpoint 6658 | -7/Garrison | Discovered new exit (range 14) 6867 | -7/Garrison | Phase Generator disabled 6870 | -7/Garrison | Discovered new exit (range 13) 6983 | -7/Garrison | Core integrity fell below 50% 7014 | -7/Garrison | Triggered checkpoint 7078 | -7/Garrison | Found embedded Infiltrators 7101 | -7/Garrison | Garrison Relay disabled 7410 | -7/Garrison | Build established: Gunner 7492 | -7/Garrison | Entered Factory 7492 | -7/Factory | Accompanied by 2 allies 7729 | -7/Factory | Repaired Huge Storage Unit 7869 | -7/Factory | Build established: Scavenger-Skirmisher 7906 | -7/Factory | Identified exit to Garrison 8035 | -7/Factory | Discovered new exit (range 8) 8212 | -7/Factory | Discovered new exit (range 16) 8236 | -7/Factory | Cargo convoy interrupted 8299 | -7/Factory | Lost 4 allies 8309 | -7/Factory | Entered Lower Caves 8335 | -7/Lower Caves | Lost 10 parts (1p4n2u3w) 8556 | -7/Lower Caves | Encountered a Warlord checkpoint 8561 | -7/Lower Caves | Build established: Bothacker-Mutant 8820 | -7/Lower Caves | Identified exit to Lower Caves 8863 | -7/Lower Caves | Learned 12 Factory zone layouts 9164 | -7/Lower Caves | Ambushed by wild Derelicts 9166 | -7/Lower Caves | Entered another Lower Caves area 9276 | -7/Lower Caves | Build established: Bothacker-Gunner 9898 | -7/Lower Caves | Learned location of 1 exit from Factory 10284 | -7/Lower Caves | Discovered new exit (range 15) 10671 | -7/Lower Caves | Entered Data Miner 10671 | -7/Data Miner | Discovered new exit (range 6) 10721 | -7/Data Miner | Met Data Miner 10773 | -7/Data Miner | Learned location of Section 7 (-3) 10773 | -7/Data Miner | Acquired the access code to Warlord's prototype stash 10877 | -7/Data Miner | Received God Mode back door access code from Data Miner 10934 | -7/Data Miner | Entered Proximity Caves 11126 | -6/Proximity Caves | Received a Behemoth hack from an annoying Tinkerer 11159 | -6/Proximity Caves | Attracted the attention of an 0b10 checkpoint 11160 | -6/Proximity Caves | Escorted by Enhanced Grunt 11576 | -6/Proximity Caves | Core integrity fell below 20% 11607 | -6/Proximity Caves | Found Prototype Device 12641 | -6/Proximity Caves | Build established: Bothacker-Tank 12822 | -6/Proximity Caves | Attracted the attention of an 0b10 outpost 12849 | -6/Proximity Caves | Identified Exp. Thermal Shield 12853 | -6/Proximity Caves | Destroyed by G-50 Soldier with Heavy Laser Last Messages --------------- 12845_ B-48 Gladiator heat damages core (-12). 12846_ Aluminum Leg destroyed. 12847_ Adv. Heat Sink destroyed. 12847_ System corrupted by crushing effect (+2). 12847_ C-30 ARC bursts open, deploying its payload. 12847_ G-67 Veteran unfolds itself. 12847_ G-50 Soldier unfolds itself. 12847_ B-48 Gladiator unfolds itself. 12847_ G-50 Soldier unfolds itself. 12847_ E-15 Imp unfolds itself. 12848_ Identified Prc. Matter Filter. 12848_ Carbon-fiber Leg broken. 12848_ Faulty integration triggers power surge. 12848_ Penetrated by Slug. 12848_ Imp. Shield Generator destroyed. 12849_ Identified Exp. Thermal Shield. 12851_ Penetrated by Slug. 12852_ Critical hit (Smash). 12852_ Hvy. Laser destroyed. 12852_ System corrupted by crushing effect (+2). Map ----- +----------------------------------------------------+ | " ???? ? ????????????????????????????????????????? | | ????????????????????? ????????????????????????? | | "?"???? ??? ???#?? ????????????????????????????? | | ?"""?"???????????? #????????????????????????????? | | " ??????????? ###?????????#????????????????? | | ??????#??? ##?#????????????????????????? | | ? ?????### #??????#??????##????????????? | | ### ? ?????## ####????????????????????????? | | ?? ? ?? ???## ?????????????????????????? | | #? ????#?# ?#????#????????#??????????? | | #? ??????## ?????#?????????????????????? | | ? ??#????# ??#??????????#?#??????????? | | # #????????# #????????????????????#???????? | | ? ##??##?#?# % #?#????#?????????????????????? | | # ###??????? #????????????????????????????? | | ???????# #???#?????????????????#??????? | | ??? #?##% % #??#?????????????????????????? | | ??#?## ##?????#?????????????????????? | | #??#???????### #???????????#??? ???????????? | | ##????????## ##???#???????#"??????????????? | | ##??##???## ### #?????#?????????? #??????????? | | #??####### #### #???????#??#?? ?????????? | | ##???# ##??# ####??#??### ?????????? | | ###### #???# ##### bg% ????????? | | ###?## #???# bg Ygg % %????????? | | #### ###???##### @%g e gb #?????????? | | # ##???##?#??####### #??????????? | | ## #???#????#????#??#?? ##??????????? | | ?### # ## #??##??????????????#?? #####?#?????????? | | ??#### ####?#???????? ??????#?? #???????????????? | | #????# #?#?#???? ??#???????????#??#?????? ???????? | | ##?#?# ? ??????????#?? ?????????????????????????? | | ##???###?????? ??? ???? ?????#????????? ????????? | | #??#????#?#??? ?????????????#????????????????????? | | #?#????????#???? ????? ?? ???????????????????????? | | #??????????????????#????? ?????? ???????????????? | | ?#????#?????????? ?###?? ? ??????????????????????? | | ???????????? ? ????#?? ?????????????????????????? | | ##????##?#???? ?????#??? #????#?? ???????????????? | | ???????????? ? ???? ?? ????#???????????????????? | | ??? ?????????? ?? ??????????????#???????????????? | | ??? ##??? ???????? ???? ?????????????????????????? | | ?????#?#? ????"????????????????#?????????????????? | | ??????#?#????????????????????#???????????????????? | | ???????? ?????????????"??????????????????????????? | | #? ?? ??????????????????????????????????????????? | | ?????????????????????????????????????????????????? | | ?????????????????????????????????????????????????? | | ???????????????"?????????????????????????????????? | | ###?#?#??????????????????????????????????????????? | +----------------------------------------------------+ Best States ------------- Heat Dissipation 72 Coolant Potential 65 Energy Generation 18 Energy Capacity 310 Matter Stores 300 Matter Capacity 300 Sight Range 20 Robot Scan Range 15 Terrain Scan Range 24 Terrain Scan Density 110 Armor Coverage 600 Resistance: TH 30 Evasion (%) 44 Targeting Accuracy 16 Salvage Targeting 1 Offensive Hacking 10 Relay Coupler Types 2 Relay Coupler Value 27 Authchip Count 1 Item Schematics ----------------- Hrd. Light Armor Plating | -8/Materials | Scanalyzed Combat Drone Bay | -7/Data Miner | Free Lgt. Regenerative Plating | -7/Data Miner | Free Cld. Cesium-ion Thruster | -7/Data Miner | Free Thermal Defense Suite | -7/Data Miner | Free Antimatter Cannon | -7/Data Miner | Free Gyrokinetic Inverter | -7/Data Miner | Free Remote Force Field | -7/Data Miner | Free Adv. Plasma Cannon | -7/Data Miner | Free Robot Schematics ------------------ M-28 Smith | -7/Data Miner | Free S-27 Virus | -7/Data Miner | Free E-15 Imp | -7/Data Miner | Free A-15 Conveyor | -7/Data Miner | Free L-41 Fighter | -7/Data Miner | Free B-48 Gladiator | -7/Data Miner | Free Fabricated ------------ Nothing Alien Tech Used ----------------- None Achievements -------------- None Challenges ------------ None Game ------ Seed ShieldMeleeSink Manual? 0 Play Time 02:38:35 Cumulative 168.5 hours Start 2024.11.23 @ 11:52:07 End 2024.11.23 @ 15:46:36 Sessions 1 Manual Loads 0 Difficulty Rogue Special Mode None Game No. 51 Rogue 51 Adventurer 0 Explorer 0 Win Type - Total 0 Types 0/0/0/0/0/0/0/0/0 Lore% 23 Gallery% 49 Achievement% 42 Wizard Run 0 Options --------- Layout 0 ASCII 0 Keyboard 0 Movement Mouse Keybinds 0 Fullscreen 1 Font 36/Smallcaps Map View 76x50 Zoom Use 0% Tactical HUD 1 Map Filters NONE Filters NONE Steam X RUN: c4cae999-e0c7-44ef-ae93-7609ef71000e